 Dungeon Crawl Stone Soup version 0.25.0-9-g26727b657a (webtiles) character file.

Game seed: 9175337978643409359

1368489 xccam the Invulnerable (level 27, 0/249 HPs)
             Began as a Formicid Fighter on June 18, 2020.
             Was the Champion of Cheibriados.
             Killed by a mummy priest's death curse (22 damage)
             ... on level 2 of the Tomb of the Ancients on June 19, 2020.
             The game lasted 04:31:51 (78074 turns).

xccam the Invulnerable (Formicid Fighter)          Turns: 78074, Time: 04:31:52

Health: 0/249      AC: 50    Str: 48    XL:     27
Magic:  26/45      EV: 35    Int: 27    God:    Cheibriados [******]
Gold:   11411      SH: 37    Dex: 32    Spells: 26/26 levels left

rFire    + . .     SeeInvis +   a - +9 executioner's axe "Arbiter" {holy, rElec Stlth+}
rCold    + . .     Gourm    .   q - +4 tower shield of Valour {Dex+2}
rNeg     + + +     Faith    .   p - +12 gold dragon scales
rPois    +         Spirit   .   (helmet unavailable)
rElec    +         Reflect  .   n - +2 cloak
rCorr    .         Harm     .   t - +1 pair of gloves of Machud {rElec MR+ Regen+ Str+4}
MR       +++..                  V - +2 pair of boots
Stlth    ++........             G - amulet "Lemarad" {Acrobat rN+}
HPRegen  0.91/turn              c - ring "Xaoguqaz" {+Inv rN+ MP+9}
MPRegen  0.29/turn              l - ring "Vuxiuc" {rN+ Dex+4}

@: mighty, mesmerised, slightly contaminated, invisible (expiring), very slow
A: permanent stasis, dig shafts and tunnels, four strong arms, antennae 3,
deterioration 2, low mp 1, mutation resistance 1, sense surroundings 1
}: 14/15 runes: barnacled, slimy, silver, iron, obsidian, icy, bone, abyssal,
demonic, glowing, magical, fiery, dark, gossamer
a: Dig, Shaft Self, Bend Time, Temporal Distortion, Slouch, Step From Time,
Renounce Religion


You were on level 2 of the Tomb of the Ancients.
You worshipped Cheibriados.
Cheibriados was exalted by your worship.
You were hungry.

You visited 18 branches of the dungeon, and saw 89 of its levels.
You visited Pandemonium 1 time, and saw 12 of its levels.
You visited the Abyss 1 time.
You also visited: Ice Cave.

You collected 12403 gold pieces.
You spent 992 gold pieces at shops.

Inventory:

Hand Weapons
 a - the +9 executioner's axe "Arbiter" (weapon) {holy, rElec Stlth+}
   (You acquired it on level 4 of the Vaults)

   It has been blessed by the Shining One to cause great damage to the undead
   and demons.
   It insulates you from electricity.
   It makes you more stealthy.
 B - the +10 battleaxe of Sywkamen {distort, Str+10 Stlth+}
   (You acquired it on level 1 of the Tomb of the Ancients)

   It warps and distorts space around it.
   Unwielding it can cause banishment or high damage.
   It affects your strength (+10).
   It makes you more stealthy.
Armour
 n - a +2 cloak (worn)
 p - +12 gold dragon scales (worn)
 q - the +4 tower shield of Valour (worn) {Dex+2}
   (You took it off a daeva in Pandemonium)

   It affects your dexterity (+2).
 t - the +1 pair of gloves of Machud (worn) {rElec MR+ Regen+ Str+4}
   (You found it on level 14 of the Dungeon)

   It affects your strength (+4).
   It insulates you from electricity.
   It affects your resistance to hostile enchantments.
   It increases your rate of regeneration.
 V - a +2 pair of boots (worn)
Jewellery
 c - the ring "Xaoguqaz" (left hand) {+Inv rN+ MP+9}
   (You found it on level 5 of the Pits of Slime)

   [ring of magical power]

   It protects you from negative energy.
   It affects your magic capacity (+9).
   It lets you turn invisible.
 g - the ring of Loss {*Slow rN+ Str+8 Int-3 Stlth+}
   (You took it off a skeletal warrior on level 3 of the Crypt)

   [ring of positive energy]

   It affects your strength (+8).
   It affects your intelligence (-3).
   It protects you from negative energy.
   It may slow you when you take damage.
   It makes you more stealthy.
 i - the ring "Wiunin" {+Blink rElec MR+++ Int+6 Slay-4}
   (You acquired it on level 3 of Cocytus)

   [ring of intelligence]

   It affects your intelligence (+6).
   It affects your accuracy and damage with ranged weapons and melee attacks
   (-4).
   It insulates you from electricity.
   It affects your resistance to hostile enchantments.
   It lets you blink.
 l - the ring "Vuxiuc" (right hand) {rN+ Dex+4}
   (You took it off an ancient champion on level 3 of the Crypt)

   [ring of positive energy]

   It affects your dexterity (+4).
   It protects you from negative energy.
 r - the ring "Izxirun" {*Corrode rC++ Str+4 SInv Stlth+}
   (You found it on level 7 of Tartarus)

   [ring of stealth]

   It affects your strength (+4).
   It greatly protects you from cold.
   It lets you see invisible.
   It may corrode you when you take damage.
   It makes you more stealthy.
 v - the ring "Kafixo" {rF+ rC+ MP+9 Stlth+}
   (You found it on level 7 of the Iron City of Dis)

   [ring of magical power]

   It protects you from fire.
   It protects you from cold.
   It affects your magic capacity (+9).
   It makes you more stealthy.
 x - an uncursed ring of protection from fire
 A - the ring of Xiommine {rC+ SInv}
   (You took it off a tengu reaver on level 5 of the Vaults)

   [ring of see invisible]

   It protects you from cold.
   It lets you see invisible.
 E - the ring of Eloataoh {+Fly rN+ Slay-3 Stlth+}
   (You took it off a skeletal warrior on level 3 of the Crypt)

   [ring of positive energy]

   It affects your accuracy and damage with ranged weapons and melee attacks
   (-3).
   It protects you from negative energy.
   It lets you fly.
   It makes you more stealthy.
 G - the amulet "Lemarad" (around neck) {Acrobat rN+}
   (You acquired it on level 1 of the Elven Halls)

   [amulet of the acrobat]

   It helps you evade while moving and waiting.
   It protects you from negative energy.
 J - an uncursed ring of resist corrosion
 L - an uncursed amulet of reflection
 R - an uncursed amulet of faith
Wands
 w - a wand of acid (9)
 D - a wand of iceblast (29)
 I - a wand of disintegration (9)
 U - a wand of clouds (9)
Scrolls
 b - 3 scrolls of summoning
 d - 9 scrolls of fog
 e - 21 scrolls of identify
 j - 15 scrolls of immolation
 k - 32 scrolls of remove curse
 o - 5 scrolls of amnesia
 u - a scroll of brand weapon
 y - 2 scrolls of magic mapping
 P - 9 scrolls of fear
 S - a scroll of enchant armour
 Y - 2 scrolls of silence
Potions
 h - 7 potions of curing
 m - a potion of mutation
 s - 9 potions of flight
 z - 2 potions of stabbing
 F - 5 potions of cancellation
 H - 9 potions of lignification
 K - a potion of heal wounds
 N - 2 potions of resistance
 Q - a potion of might
 Z - 3 potions of invisibility
Miscellaneous
 M - a phantom mirror
 X - the horn of Geryon
Comestibles
 f - 100 rations


   Skills:
 O Level 27 Fighting
 O Level 27 Axes
   Level 6.0 Slings
 O Level 27 Armour
 O Level 27 Dodging
 + Level 19.8 Stealth
 O Level 27 Shields
 O Level 27 Invocations
 O Level 27 Evocations


You had 26 spell levels left.
You didn't know any spells.
Your spell library contained the following spells:

 Spells                   Type           Power        Failure   Level  Hunger
 Animate Skeleton         Necr           N/A          34%         1    ##.....
 Apportation              Tloc           #.....       34%         1    ##.....
 Beastly Appendage        Tmut           #.....       34%         1    ##.....
 Corona                   Hex            #......      34%         1    ##.....
 Foxfire                  Conj/Fire      #...         34%         1    ##.....
 Freeze                   Ice            #...         34%         1    ##.....
 Infusion                 Chrm           #...         34%         1    ##.....
 Magic Dart               Conj           #...         34%         1    ##.....
 Pain                     Necr           #...         34%         1    ##.....
 Sandblast                Erth           #.....       34%         1    ##.....
 Sting                    Tmut/Pois      #...         34%         1    ##.....
 Summon Butterflies       Summ           #.......     34%         1    ##.....
 Summon Small Mammal      Summ           #...         34%         1    ##.....
 Call Imp                 Summ           #.......     45%         2    ###....
 Corpse Rot               Necr/Air       N/A          45%         2    ###....
 Ensorcelled Hibernation  Hex/Ice        #.....       45%         2    ###....
 Passwall                 Tmut/Erth      #.......     45%         2    ###....
 Poisonous Vapours        Pois/Air       #.....       45%         2    ###....
 Searing Ray              Conj           #.....       45%         2    ###....
 Shroud of Golubria       Chrm/Tloc      #.....       45%         2    ###....
 Slow                     Hex            #.......     45%         2    ###....
 Song of Slaying          Chrm           #.......     45%         2    ###....
 Sticks to Snakes         Tmut           #.......     45%         2    ###....
 Sublimation of Blood     Necr           #.........   45%         2    ###....
 Call Canine Familiar     Summ           #.......     71%         3    ####...
 Confusing Touch          Hex            #.......     71%         3    ####...
 Conjure Flame            Conj/Fire      #.......     71%         3    ####...
 Dazzling Flash           Conj/Hex       #.....       71%         3    ####...
 Frozen Ramparts          Ice            #.....       71%         3    ####...
 Gell's Gravitas          Tloc           #.........   71%         3    ####...
 Ignite Poison            Fire/Tmut/Pois #.......     71%         3    ####...
 Inner Flame              Hex/Fire       #.......     71%         3    ####...
 Lesser Beckoning         Tloc           #.........   71%         3    ####...
 Mephitic Cloud           Conj/Pois/Air  #.......     71%         3    ####...
 Ozocubu's Armour         Chrm/Ice       #.......     71%         3    ####...
 Portal Projectile        Hex/Tloc       #.....       71%         3    ####...
 Recall                   Summ/Tloc      N/A          71%         3    ####...
 Spider Form              Tmut/Pois      #.........   71%         3    ####...
 Stone Arrow              Conj/Erth      #.....       71%         3    ####...
 Summon Guardian Golem    Hex/Summ       #.......     71%         3    ####...
 Teleport Other           Tloc           #.......     71%         3    ####...
 Tukima's Dance           Hex            #.......     71%         3    ####...
 Vampiric Draining        Necr           #.........   71%         3    ####...
 Animate Dead             Necr           N/A          98%         4    #####..
 Cause Fear               Hex            #.........   98%         4    #####..
 Dispel Undead            Necr           #.......     98%         4    #####..
 Fulminant Prism          Conj/Hex       #.........   98%         4    #####..
 Hailstorm                Conj/Ice       #.......     98%         4    #####..
 Ice Form                 Ice/Tmut       #.......     98%         4    #####..
 Iskenderun's Mystic Bla  Conj/Tloc      #.......     98%         4    #####..
 Leda's Liquefaction      Hex/Erth       #.........   98%         4    #####..
 Olgreb's Toxic Radiance  Pois           #.......     98%         4    #####..
 Passage of Golubria      Tloc           N/A          98%         4    #####..
 Petrify                  Tmut/Erth      #.......     98%         4    #####..
 Sticky Flame             Conj/Fire      #.......     98%         4    #####..
 Summon Ice Beast         Ice/Summ       #.......     98%         4    #####..
 Summon Lightning Spire   Summ/Air       #.......     98%         4    #####..
 Agony                    Necr           #.......     100%        5    ######.
 Alistair's Intoxication  Tmut/Pois      #.......     100%        5    ######.
 Aura of Abjuration       Summ           #.........   100%        5    ######.
 Blade Hands              Tmut           #.........   100%        5    ######.
 Bolt of Magma            Conj/Fire/Erth #.........   100%        5    ######.
 Excruciating Wounds      Chrm/Necr      #.........   100%        5    ######.
 Fireball                 Conj/Fire      #.........   100%        5    ######.
 Irradiate                Conj/Tmut      #.........   100%        5    ######.
 Lee's Rapid Deconstruct  Erth           #.........   100%        5    ######.
 Metabolic Englaciation   Hex/Ice        #.........   100%        5    ######.
 Silence                  Hex/Air        #.........   100%        5    ######.
 Summon Demon             Summ           #.........   100%        5    ######.
 Summon Forest            Summ/Tloc      #.........   100%        5    ######.
 Summon Mana Viper        Hex/Summ       #.......     100%        5    ######.
 Yara's Violent Unravell  Hex/Tmut       #.........   100%        5    ######.
 Darkness                 Hex            #.........   100%        6    #######
 Dispersal                Tloc           #.........   100%        6    #######
 Eringya's Noxious Bog    Tmut/Pois      #.........   100%        6    #######
 Hydra Form               Tmut           #.........   100%        6    #######
 Invisibility             Hex            #.......     100%        6    #######
 Shadow Creatures         Summ           N/A          100%        6    #######
 Statue Form              Tmut/Erth      #........    100%        6    #######
 Dragon Form              Tmut           #.........   100%        7    #######
 Haunt                    Necr/Summ      #.........   100%        7    #######
 Malign Gateway           Summ/Tloc      #.........   100%        7    #######
 Monstrous Menagerie      Summ           #.........   100%        7    #######
 Ring of Flames           Chrm/Fire      #.........   100%        7    #######
 Spellforged Servitor     Conj/Summ      #.........   100%        7    #######
 Summon Greater Demon     Summ           #.........   100%        7    #######
 Summon Hydra             Summ           #.........   100%        7    #######
 Borgnjor's Revivificati  Necr           #.........   100%        8    #######
 Chain Lightning          Conj/Air       #.........   100%        8    #######
 Death's Door             Chrm/Necr      #.........   100%        8    #######
 Discord                  Hex            #.........   100%        8    #######
 Disjunction              Tloc           #.........   100%        8    #######
 Ignition                 Fire           #.........   100%        8    #######
 Infestation              Necr           #.........   100%        8    #######
 Lehudib's Crystal Spear  Conj/Erth      #.........   100%        8    #######
 Necromutation            Tmut/Necr      #.........   100%        8    #######
 Summon Horrible Things   Summ           #.........   100%        8    #######
 Absolute Zero            Ice            #.........   100%        9    #######
 Fire Storm               Conj/Fire      #.........   100%        9    #######
 Blink                    Tloc           Unusable     N/A         2    N/A
 Swiftness                Chrm/Air       Unusable     N/A         2    N/A
 Controlled Blink         Tloc           Unusable     N/A         8    N/A

Dungeon Overview and Level Annotations

Branches:
Dungeon (15/15)            Temple (1/1) D:6            Lair (6/6) D:11
 Shoals (4/4) Lair:3       Spider (4/4) Lair:3        Slime (5/5) Lair:5
    Orc (2/2) D:10            Elf (3/3) Orc:2        Vaults (5/5) D:13
  Crypt (3/3) Vaults:2       Tomb (2/3) Crypt:3      Depths (5/5) D:15
   Hell (visited)             Dis (7/7) Hell            Geh (7/7) Hell
    Coc (7/7) Hell            Tar (7/7) Hell            Zot (5/5) Depths:5
  IceCv (visited)

Altars:
Ashenzari
Cheibriados
Dithmenos
Elyvilon
Fedhas
Hepliaklqana
Kikubaaqudgha
Nemelex Xobeh
Okawaru
Qazlal
Sif Muna
Trog
Uskayaw
Vehumet
Xom
Zin
Beogh
Jiyva

Shops:
D:5 ?   D:9 (   Orc:2 ([*=   Elf:1 =?*:   Elf:2 ?[*   Vaults:3 =   Depths:1 }*!
Depths:5 *

Portals:
Hell: Depths:1 Depths:2 Depths:3 Depths:4 Depths:5
Abyss: Depths:4
Pandemonium: Depths:3 Depths:4 Depths:5
Ziggurat: Depths:3

Annotations:
Crypt:3 exclusion: 3 doors
Tomb:2 Jory
Dis:7 exclusion: 4 doors


Innate Abilities, Weirdness & Mutations

You cannot be hasted, slowed, berserked, paralysed or teleported.
You can dig through walls and to a lower floor.
Your four strong arms can wield two-handed weapons with a shield.
You have a pair of large antennae on your head. (SInv)
Your body often deteriorates upon taking damage.
Your magical capacity is low. (-10% MP)
You are somewhat resistant to further mutation.
You passively map a small area around you.


Message History

You destroy the skeletal warrior!
Cheibriados appreciates the change of pace.
The rust devil convulses!
You kill the rust devil!
The guardian mummy convulses!
You destroy the guardian mummy!
Cheibriados appreciates the change of pace.
The mummy convulses!
You destroy the mummy!
Cheibriados appreciates the change of pace.
The mummy priest convulses!
You destroy the mummy priest!
Cheibriados appreciates the change of pace.
The sun demon disappears in a puff of smoke!
Jory convulses!
The mummy priest convulses!
You destroy the mummy priest!
Cheibriados thoroughly appreciates the change of pace.
You feel extremely nervous for a moment...
Pain shoots through your body!!
You die...

, ......%.... *
, .. ......... ^
...*#......)#* .
,
...##.......##..
,
.%..............
*
................
*
.....§..........
,
.....^..z).)....
, ,
......)@.....)..
, '
#...§...........
,, *
#.}.)...........
...##.....^.##..
.. #..V....# . ,
, * .
......%...,
...(.......^ ,,
.....!..##... ,
*


You could see Jory (mesmerising, dazed) and a skeletal warrior (dazed).

Vanquished Creatures
  Cerebov (Pan)
  Asmodeus (Geh:7)
  Antaeus (Coc:7)
  the Royal Jelly (Slime:5)
  Dissolution (Slime:2)
  Gloorx Vloq (Pan)
  Ereshkigal (Tar:7)
  the Serpent of Hell (Tar:7)
  Lom Lobon (Pan)
  Mnoleg (Pan)
  A seraph (Pan)
  Dispater (Dis:7)
  5 orbs of fire
  Mara (Depths:2)
  3 juggernauts (Zot:5)
  8 ancient liches
  Sojobo (Vaults:5)
  22 shard shrikes
  6 greater mummies
  Saint Roka (Crypt:3)
  3 Killer Klowns
  Bai Suzhen (Vaults:5)
  Geryon (Hell)
  12 golden dragons
  4 curse toes
  Nikola (Depths:3)
  17 bone dragons
  A pearl dragon (Pan)
  29 Tzitzimimeh
  10 doom hounds
  3 electric golems (Zot:5)
  12 iron giants
  14 liches
  23 Brimstone Fiends
  25 tentacled monstrosities
  25 Orb Guardians (Zot:5)
  13 Ice Fiends
  Rupert (D:15)
  19 Hell Sentinels
  8 deep elf blademasters
  The ghost of Decrayps the Ninja, a veteran FeEn of Elyvilon (Zot:4)
  11 quicksilver dragons
  7 titans
  36 acid blobs
  Polyphemus (Shoals:3)
  5 tentacled starspawn
  A deep elf master archer (Elf:3)
  18 Executioners
  2 eldritch tentacles
  Gastronok (D:9)
  Frances (D:12)
  The ghost of popps the Warrior, an adept GrFi of Okawaru (Shoals:3)
  2 krakens (Shoals:4)
  9 sphinxes
  23 ancient champions
  15 storm dragons
  13 death cobs
  18 draconian monks
  An azure jelly (shapeshifter) (Depths:3)
  8 revenants
  Roxanne (Spider:2)
  16 daevas (Pan)
  Agnes (D:15)
  21 shadow dragons
  6 fire giants
  10 tengu reavers
  9 azure jellies
  Ilsuiw (Shoals:4)
  3 blood saints (Pan)
  7 draconian scorchers
  11 iron dragons
  9 deep elf sorcerers
  2 orc warlords
  15 cacodemons
  11 ghost moths
  5 curse skulls
  10 draconian knights
  11 draconian shifters
  3 warmongers (Pan)
  27 angels
  2 black suns (Pan)
  12 frost giants
  27 balrugs
  Louise (Spider:4)
  22 vault wardens
  5 draconian stormcallers
  6 emperor scorpions
  8 elemental wellsprings
  2 caustic shrike zombies
  Aizul (Shoals:3)
  16 ironheart preservers
  5 draconian annihilators
  10 ghouls
  44 very ugly things
  8 entropy weavers
  81 reapers
  23 war gargoyles
  3 spriggan defenders
  4 bennus (Tomb:2)
  17 ophanim (Pan)
  17 apis (Pan)
  Nessos (Orc:2)
  6 deep elf demonologists
  21 vampire knights
  7 lorocyprocas
  22 stone giants
  A corrupter (Pan)
  9 green draconians
  17 red draconians
  24 yellow draconians
  10 black draconians
  8 deep elf annihilators
  A minotaur (Depths:1)
  Azrael (Spider:2)
  7 purple draconians
  9 white draconians
  20 blizzard demons
  Snorg (D:12)
  15 spark wasps
  16 ettins
  The ghost of windycow the Spear-Bearer, a journeyman CeWr of the Shining One (Lair:4)
  9 green deaths
  6 merfolk javelineers
  8 deep elf death magi
  5 eidola
  7 death oozes (Slime:5)
  Josephine (D:11)
  7 merfolk impalers
  27 fire dragons
  7 jiangshi
  A spectral kraken (Tar:7)
  13 mummy priests
  9 rakshasas
  5 kraken zombies
  8 quicksilver dragon zombies
  14 yaktaur captains
  24 great orbs of eyes
  4 deep elf high priests
  34 vault guards
  Erolcha (Orc:2)
  A juggernaut simulacrum (Depths:1)
  4 monstrous demonspawn (Pan)
  5 spriggan air magi
  45 ice dragons
  11 hydras
  Harold (D:7)
  4 quicksilver dragon skeletons
  10 centaur warriors
  3 alligator snapping turtles
  3 ghost crabs
  9 death knights
  7 catoblepae
  5 merfolk avatars
  37 dancing weapons
  7 merfolk aquamancers
  59 two-headed ogres
  4 death scarabs (Tomb:2)
  11 titan zombies
  A satyr (Shoals:3)
  9 tengu warriors
  18 thrashing horrors
  6 death yaks
  28 ogre magi
  4 deep troll shamans
  2 orc high priests (Orc:2)
  7 spriggan berserkers
  2 deep troll earth magi (Depths:4)
  11 vampire magi
  A shock serpent (shapeshifter) (Depths:2)
  35 hell hogs
  19 deep elf knights
  Sonja (Orc:2)
  10 storm dragon zombies
  9 wretched stars
  37 hell knights
  Urug (D:12)
  38 large abominations
  8 iron golems
  21 soul eaters
  10 iron trolls (Dis:7)
  37 sun demons
  8 titan skeletons
  16 shadow wraiths
  134 skeletal warriors
  26 sixfirhies
  5 golden dragon zombies
  4 storm dragon skeletons
  12 anaconda zombies
  An iron giant zombie (Crypt:2)
  A sea snake (shapeshifter) (Vaults:2)
  2 infernal demonspawn
  9 sea snakes
  3 spatial maelstroms
  8 cherubim (Pan)
  A death drake (shapeshifter) (D:15)
  6 unseen horrors
  4 torturous demonspawn (Pan)
  2 death drakes
  18 deep trolls
  20 flayed ghosts
  13 glowing orange brains
  22 small abominations
  2 ghost moth zombies
  A swamp dragon (shapeshifter) (Abyss:5)
  6 gelid demonspawn (Pan)
  27 shadow demons
  3 spark wasp zombies
  9 deep elf archers
  A swamp dragon (Zot:3)
  10 wizards
  39 starcursed masses
  21 phantasmal warriors
  18 harpies
  8 shadow dragon zombies
  20 necromancers
  4 golden dragon skeletons
  4 anaconda skeletons
  Pikel (D:5)
  70 deep elf magi
  65 ugly things
  2 sphinx zombies (Hell)
  18 orb spiders
  2 harpies (shapeshifter)
  18 ironbrand convokers
  A spectral ettin (Geh:2)
  17 orc knights
  8 wolf spider zombies
  11 stone giant zombies
  A mana viper (Abyss:1)
  34 wolf spiders
  5 tengu skeletons
  11 iron dragon zombies
  5 fauns
  6 iron dragon skeletons
  5 elephants (Lair:6)
  13 manticores
  13 frost giant zombies
  8 orc sorcerers
  2 worldbinders
  7 shining eyes
  12 cyclopes
  6 shadow dragon skeletons
  28 moths of wrath
  10 fire giant zombies
  6 human skeletons
  A salamander (shapeshifter) (Vaults:1)
  3 black mambas
  10 merfolk sirens
  7 stone giant skeletons
  10 fire giant skeletons
  10 water nymphs
  4 ice statues
  39 rust devils
  8 dire elephant zombies
  12 orange demons
  3 apocalypse crabs
  A torpor snail (shapeshifter) (Vaults:5)
  2 black mambas (shapeshifter)
  7 titan simulacra
  2 eyes of devastation
  9 frost giant skeletons
  2 elf zombies
  19 molten gargoyles
  A guardian serpent (Abyss:3)
  2 gargoyles
  3 torpor snails
  A storm dragon simulacrum (Coc:7)
  5 shock serpent zombies
  26 spiny frogs
  24 smoke demons
  A red draconian zombie (Crypt:1)
  An emperor scorpion zombie (Abyss:4)
  21 vault sentinels
  5 dire elephant skeletons
  3 kobold demonologists (D:12)
  2 spiny frogs (shapeshifter) (Vaults:4)
  7 shock serpent skeletons
  5 spectral swamp worms (Tar:7)
  13 komodo dragons
  3 catoblepas zombies
  30 demonic crawlers
  A golden dragon simulacrum (Hell)
  19 rime drakes
  47 yaktaurs
  14 ancient zymes
  A rime drake (shapeshifter) (Depths:3)
  A komodo dragon (shapeshifter) (Vaults:3)
  A yellow draconian zombie (Coc:7)
  45 tormentors
  3 anaconda simulacra
  30 hellions
  An iron troll zombie (Crypt:3)
  6 tengu conjurers
  40 freezing wraiths
  11 efreet
  12 hellwings
  6 catoblepas skeletons
  47 ice devils
  11 trolls
  13 hydra zombies
  2 yaktaur skeletons
  7 harpy zombies
  A jumping spider (shapeshifter) (Vaults:1)
  21 guardian mummies
  46 red devils
  2 queen bees
  A purple draconian skeleton (Crypt:3)
  36 merfolk
  A meliai (shapeshifter) (Depths:3)
  A polar bear (Lair:4)
  3 silent spectres
  9 wind drakes
  3 tyrant leeches (Lair:6)
  5 ice dragon zombies
  28 jumping spiders
  3 meliai (D:12)
  20 raiju
  Grinder (D:3)
  3 bog bodies (Crypt:1)
  11 hornets
  Prince Ribbit (D:5)
  A blink frog (shapeshifter) (Abyss:4)
  12 hydra skeletons
  18 blink frogs
  12 ettin zombies
  A frost giant simulacrum (Coc:7)
  3 harpy skeletons
  4 fire dragon zombies
  114 slime creatures
  20 hippogriffs
  2 meliai zombies (D:15)
  23 dream sheep
  9 alligator zombies
  141 flying skulls
  A tarantella (shapeshifter) (Depths:4)
  11 snapping turtles
  10 ettin skeletons
  2 spriggans
  8 air elementals
  Sigmund (D:2)
  2 spriggans (shapeshifter)
  27 shadows
  18 tarantellas
  7 fire dragon skeletons
  A vampire (Abyss:4)
  53 redbacks
  25 water elementals
  4 alligator skeletons
  A fire giant simulacrum (Hell)
  2 yaks (shapeshifter)
  11 ynoxinuls
  9 ushabtiu
  36 wraiths
  3 black mamba zombies
  A redback (shapeshifter) (Vaults:4)
  56 yaks
  9 wyverns
  2 humans (shapeshifter) (Depths:2)
  36 fire elementals
  7 fire bats
  9 ice dragon skeletons
  11 golden eyes
  21 neqoxecs
  An emperor scorpion simulacrum (Coc:3)
  11 hungry ghosts
  Eustachio (D:5)
  4 black mamba skeletons
  13 basilisks
  16 chaos spawn
  3 merfolk zombies
  A warg (shapeshifter) (Depths:3)
  8 wargs
  6 vampire mosquitoes (Lair:6)
  A soldier ant (D:13)
  A soldier ant (shapeshifter) (Vaults:4)
  5 spatial vortices (Abyss:4)
  An insubstantial wisp (Abyss:4)
  A merfolk skeleton (Crypt:2)
  2 acid dragons
  12 water moccasins
  12 spiny frog zombies
  68 hell hounds
  A deep troll zombie (Vaults:4)
  42 orc warriors
  4 hydra simulacra
  6 porcupines
  11 phantoms
  A slave (D:5)
  A hornet zombie (Crypt:1)
  8 sky beasts
  4 ettin simulacra
  A deep troll skeleton (Crypt:3)
  A monstrous demonspawn skeleton (Crypt:2)
  4 snapping turtle zombies
  7 spiny frog skeletons
  2 manticore zombies
  A black mamba simulacrum (Coc:7)
  20 ice beasts
  A swamp dragon zombie (Geh:2)
  3 alligator simulacra (Hell)
  4 eyes of draining
  57 ogres
  5 black bears
  28 necrophages
  A swamp drake (shapeshifter) (Vaults:1)
  2 fire dragon simulacra
  2 swamp dragon skeletons
  A tengu (shapeshifter) (Vaults:5)
  An eye of draining (shapeshifter) (Vaults:5)
  7 boggarts
  15 centaurs
  A centaur (shapeshifter) (Vaults:5)
  9 snapping turtle skeletons
  9 wolves
  2 manticore skeletons
  9 crocodiles
  A yaktaur zombie (Depths:1)
  6 big kobolds
  Blork the orc (D:4)
  29 bullfrogs
  A bullfrog (shapeshifter) (Vaults:5)
  A spiny frog simulacrum (Coc:7)
  3 glowing shapeshifter simulacra
  A salamander skeleton (Crypt:1)
  12 earth elementals
  A gelid demonspawn simulacrum (Coc:7)
  2 wyvern skeletons
  A water moccasin zombie (Crypt:2)
  An elf skeleton (Geh:7)
  3 scorpions
  A troll zombie (Tar:1)
  A scorpion (shapeshifter) (Depths:2)
  A water moccasin skeleton (Crypt:1)
  45 killer bees
  57 wights
  A howler monkey (D:12)
  A troll skeleton (Coc:7)
  A yak skeleton (Crypt:3)
  5 electric eels
  13 crimson imps
  2 centaur zombies
  A bullfrog zombie (D:5)
  20 jellies
  4 quasits
  7 centaur skeletons
  5 human zombies
  2 gnoll shamans
  15 orc priests
  6 hounds
  31 iron imps
  Crazy Yiuf (D:4)
  2 bullfrog skeletons
  5 iguanas
  24 orc wizards
  7 worker ants
  A naga zombie (Coc:7)
  A demigod zombie (Crypt:1)
  A felid zombie (Crypt:2)
  An ogre zombie (Crypt:1)
  An ogre skeleton (Coc:1)
  A hound zombie (D:7)
  42 mummies
  Robin (D:4)
  A howler monkey zombie (D:4)
  A worker ant zombie (D:9)
  14 gnolls
  19 adders
  12 shadow imps
  15 white imps
  An ufetubus (Depths:5)
  An ooze (D:2)
  An adder zombie (D:7)
  An adder skeleton (D:7)
  5 worms
  A worm (shapeshifter) (Depths:2)
  3 ball lightnings (Pan)
  4 dart slugs
  4 leopard geckos
  88 orcs
  4 bats (D:3)
  A bat skeleton (Crypt:3)
  A bat zombie (Crypt:1)
  5 giant cockroaches
  16 goblins
  6 hobgoblins
  9 jackals
  4 quokkas
  3 ball pythons
  A ball python skeleton (D:4)
  7 frilled lizards
  A frilled lizard skeleton (Crypt:3)
  2 jackal zombies
  12 kobolds
  A kobold skeleton (Geh:1)
  An orc skeleton (Geh:2)
  A quokka skeleton (D:4)
  10 rats
  A rat zombie (Crypt:3)
  A bush (Lair:6)
  6 crawling corpses
  5 fire vortices
  4 fungi
  12 plants
  3 starspawn tentacles
  19 tentacles
5424 creatures vanquished.

Vanquished Creatures (collateral kills)
  An ice dragon (Coc:7)
  A hydra zombie (Coc:7)
  An alligator zombie (Coc:7)
  An alligator skeleton (Coc:7)
  A white imp (Coc:7)
5 creatures vanquished.

Vanquished Creatures (others)
  A caustic shrike (Depths:3)
  Arachne (Spider:4)
  A draconian monk (Zot:1)
  A green death (Pan)
  A death knight (Crypt:1)
  A hell hog (Geh:3)
  A spriggan (Depths:3)
  A wretched star (Abyss:4)
  A wizard (Depths:5)
  A fire giant skeleton (Geh:2)
  A komodo dragon (Lair:3)
  A hornet (Depths:3)
  A hydra zombie (Geh:2)
  A slime creature (Slime:1)
  A water elemental (Elf:2)
  A ynoxinul (Pan)
  A tarantella (Spider:3)
  A fire elemental (Geh:1)
  A golden eye (Slime:1)
  A large abomination (Abyss:5)
  A spiny frog zombie (Geh:7)
  An orc warrior (Vaults:5)
  An ogre (Depths:2)
  A snapping turtle skeleton (Geh:7)
  A jelly (Zot:4)
  4 gnolls (D:5)
  6 ball lightnings (Pan)
  A quokka (D:5)
  A fire vortex (Lair:5)
  22 fungi
  A lurking horror (Abyss:4)
  45 plants
  7 starspawn tentacles
  37 tentacles
149 creatures vanquished.

Grand Total: 5578 creatures vanquished

Notes
Turn   | Place    | Note
-------+----------+-------------------------------------------
     0 | D:1      | xccam the Formicid Fighter began the quest for the Orb.
     0 | D:1      | Reached XP level 1. HP: 18/18 MP: 1/1
   100 | D:1      | Reached XP level 2. HP: 9/24 MP: 2/2
   580 | D:1      | Reached XP level 3. HP: 29/29 MP: 3/3
  1306 | D:2      | Reached XP level 4. HP: 35/35 MP: 4/4
  1459 | D:2      | Noticed Sigmund
  1476 | D:2      | HP: 1/35 [Sigmund/+0 scythe (6)]
  1479 | D:2      | Killed Sigmund
  1479 | D:2      | Reached skill level 5 in Axes
  1479 | D:2      | Reached XP level 5. HP: 15/41 MP: 0/5
  1479 | D:2      | Reached XP level 6. HP: 17/47 MP: 0/6
  1840 | D:2      | Found a glowing silver altar of Zin.
  2092 | D:3      | Noticed Grinder
  2413 | D:3      | Gained mutation: Potions are less effective at restoring
                  | your health. [potion of mutation]
  2413 | D:3      | Gained mutation: You are agile. (Dex +2) [potion of
                  | mutation]
  2413 | D:3      | Gained mutation: You are weak. (Str -2) [potion of
                  | mutation]
  2413 | D:3      | Gained mutation: You are covered in fur. (AC +1) [potion of
                  | mutation]
  2426 | D:3      | Killed Grinder
  2426 | D:3      | Reached XP level 7. HP: 49/52 MP: 7/7
  3321 | D:4      | Noticed Robin
  3352 | D:4      | Killed Robin
  3432 | D:4      | Found a stormy altar of Qazlal.
  3805 | D:4      | Noticed Blork the orc
  3823 | D:4      | Killed Blork the orc
  3823 | D:4      | Reached skill level 5 in Shields
  3963 | D:4      | Found a blossoming altar of Fedhas.
  4289 | D:4      | Found a runed translucent door.
  4290 | D:4      | Noticed Crazy Yiuf
  4297 | D:4      | Killed Crazy Yiuf
  4297 | D:4      | Reached XP level 8. HP: 45/58 MP: 6/8
  4308 | D:4      | Got a brightly glowing mace
  4309 | D:4      | Identified the +2 mace "Ustathr Pesh" {vorpal, MR+ Dex+4}
                  | (You found it on level 4 of the Dungeon)
  4486 | D:5      | Entered Level 5 of the Dungeon
  4499 | D:5      | Noticed Prince Ribbit
  4862 | D:5      | Noticed Pikel
  4918 | D:5      | You fall into a shaft and drop 1 floor!
  5144 | D:5      | Killed Pikel
  5144 | D:5      | Reached XP level 9. HP: 35/64 MP: 3/9
  5527 | D:5      | Noticed Eustachio
  5635 | D:5      | Killed Prince Ribbit
  5882 | D:5      | Found a shadowy altar of Dithmenos.
  5884 | D:5      | Found a shattered altar of Ashenzari.
  5887 | D:5      | Found an ancient bone altar of Kikubaaqudgha.
  6024 | D:5      | Found Uburiasm's Magic Scroll Shop.
  6135 | D:5      | Killed Eustachio
  6135 | D:5      | Reached skill level 10 in Axes
  6193 | D:6      | Found a sparkling altar of Nemelex Xobeh.
  6349 | D:6      | Found a staircase to the Ecumenical Temple.
  6352 | D:6      | Reached skill level 1 in Dodging
  6429 | Temple   | Entered the Ecumenical Temple
  6610 | Temple   | Became a worshipper of Cheibriados the Contemplative
  6802 | D:6      | Found a shimmering blue altar of Sif Muna.
  7210 | D:7      | Reached XP level 10. HP: 71/71 MP: 10/10
  7372 | D:7      | Reached * piety under Cheibriados
  7533 | D:7      | Got a heavily runed brass ring
  7615 | D:7      | Noticed Harold
  7624 | D:7      | Killed Harold
  7624 | D:7      | Reached skill level 5 in Fighting
  7624 | D:7      | Reached skill level 5 in Armour
  8260 | D:7      | Identified the ring "Kaocuhint" {AC+4 Str+5 Dex+4} (You
                  | found it on level 7 of the Dungeon)
  8448 | D:8      | Found a radiant altar of Vehumet.
  8569 | D:8      | Reached ** piety under Cheibriados
  8587 | D:8      | Found an iron altar of Okawaru.
  9023 | D:8      | Found a hazy altar of Hepliaklqana.
  9354 | D:8      | Lost mutation: You are agile. (Dex +2) [potion of mutation]
  9354 | D:8      | Lost mutation: Potions are less effective at restoring your
                  | health. [potion of mutation]
  9354 | D:8      | Lost mutation: You are weak. (Str -2) [potion of mutation]
  9354 | D:8      | Gained mutation: You are partially covered in rugged brown
                  | scales. (AC +1, +3% HP) [potion of mutation]
  9354 | D:8      | Gained mutation: You are dopey. (Int -2) [potion of
                  | mutation]
  9354 | D:8      | Gained mutation: Your natural rate of healing is unusually
                  | fast. [potion of mutation]
  9466 | D:9      | Reached XP level 11. HP: 83/83 MP: 11/11
  9496 | D:9      | Reached *** piety under Cheibriados
 10209 | D:9      | Noticed Gastronok
 10234 | D:9      | Killed Gastronok
 10305 | D:9      | Found Nozaxt's Weapon Emporium.
 10409 | D:10     | Entered Level 10 of the Dungeon
 10483 | D:10     | Noticed a two-headed ogre
 10493 | D:10     | Killed a two-headed ogre
 10528 | D:10     | Reached **** piety under Cheibriados
 10839 | D:10     | Found a staircase to the Orcish Mines.
 11188 | D:11     | Reached skill level 1 in Slings
 11303 | D:11     | Noticed a white ugly thing
 11317 | D:11     | Killed a white ugly thing
 11329 | D:11     | Reached XP level 12. HP: 87/90 MP: 12/12
 11336 | D:11     | Reached skill level 5 in Slings
 11373 | D:11     | Found a frozen archway.
 11384 | IceCv    | Entered an ice cave
 11393 | IceCv    | Reached ***** piety under Cheibriados
 11653 | IceCv    | Noticed an ice dragon
 11659 | IceCv    | Noticed an ice dragon
 11667 | IceCv    | Killed an ice dragon
 11670 | IceCv    | Killed an ice dragon
 11973 | D:11     | Found a staircase to the Lair.
 12126 | D:11     | Noticed Josephine
 12136 | D:11     | Killed Josephine
 12136 | D:11     | Reached skill level 10 in Armour
 12293 | D:11     | Noticed an eight-headed hydra
 12297 | D:11     | You fall into a shaft and drop 3 floors!
 12310 | D:14     | Noticed a centaur warrior
 12320 | D:14     | Killed a centaur warrior
 12320 | D:14     | Reached XP level 13. HP: 56/100 MP: 13/13
 12451 | D:13     | Reached skill level 5 in Dodging
 12456 | D:13     | Found a gate to the Vaults.
 12541 | D:13     | Found a gate leading to a gauntlet.
 12556 | D:13     | You fall into a shaft and drop 1 floor!
 12691 | D:14     | Noticed a centaur warrior
 12700 | D:14     | Killed a centaur warrior
 12927 | D:13     | Found a shattered altar of Ashenzari.
 12966 | D:13     | Noticed a six-headed hydra
 12973 | D:13     | Killed an eight-headed hydra
 13006 | D:12     | Noticed Urug
 13017 | D:12     | Killed Urug
 13017 | D:12     | Reached skill level 10 in Fighting
 13017 | D:12     | Reached XP level 14. HP: 94/113 MP: 14/14
 13080 | D:12     | Noticed Frances
 13104 | D:12     | Reached ****** piety under Cheibriados
 13159 | D:12     | Reached skill level 1 in Invocations
 13169 | D:12     | Killed Frances
 13617 | D:12     | Reached skill level 15 in Axes
 13664 | D:12     | Reached skill level 5 in Invocations
 13746 | D:12     | HP: 1/113 [deep elf mage/bolt of lightning (18)]
 13747 | D:12     | You fall into a shaft and drop 3 floors!
 13747 | D:15     | Entered Level 15 of the Dungeon
 13754 | D:15     | Noticed Agnes
 14056 | D:15     | Killed Agnes
 14205 | D:14     | Reached XP level 15. HP: 100/118 MP: 21/21
 14359 | D:14     | Got a pair of bloodstained gloves
 14370 | D:14     | Identified the +1 pair of gloves of Machud {rElec MR+
                  | Regen+ Str+4} (You found it on level 14 of the Dungeon)
 15040 | D:12     | Noticed Snorg
 15045 | D:12     | Killed Snorg
 15228 | D:12     | Identified the amulet of the Enemy {Faith *Slow Str+7}
 15964 | D:15     | Noticed Rupert
 15986 | D:15     | Killed Rupert
 16030 | D:15     | Found a staircase to the Depths.
 16177 | D:15     | Reached XP level 16. HP: 129/129 MP: 22/22
 17015 | Lair:1   | Entered Level 1 of the Lair of Beasts
 18016 | Lair:2   | Found a hide-covered altar of Uskayaw.
 18721 | Lair:3   | Found a shattered altar of Ashenzari.
 18737 | Lair:3   | Found a hole to the Spider Nest.
 18907 | Lair:3   | Found a staircase to the Shoals.
 19101 | Spider:1 | Entered Level 1 of the Spider Nest
 19566 | Lair:4   | Found a transporter.
 19567 | Lair:4   | Found a transporter.
 19567 | Lair:4   | Noticed windycow's ghost (journeyman CeWr)
 19628 | Lair:4   | Killed windycow's ghost
 20100 | Lair:5   | Reached XP level 17. HP: 139/139 MP: 23/23
 20214 | Lair:5   | Reached skill level 10 in Dodging
 20291 | Lair:5   | Found a runed translucent door.
 20292 | Lair:5   | Found a viscous altar of Jiyva.
 20293 | Lair:5   | Noticed an acid blob
 20294 | Lair:5   | Found a staircase to the Slime Pits.
 20308 | Lair:5   | Killed an acid blob
 20347 | Lair:5   | Got a brightly glowing plate armour
 20358 | Lair:5   | Identified the +11 plate armour of Jecosecy {*Drain rPois
                  | Int+4} (You found it on level 5 of the Lair of Beasts)
 20660 | Lair:6   | Entered Level 6 of the Lair of Beasts
 21714 | Orc:1    | Entered Level 1 of the Orcish Mines
 21756 | Orc:1    | Found a roughly hewn altar of Beogh.
 22209 | Orc:2    | Entered Level 2 of the Orcish Mines
 22311 | Orc:2    | Noticed Sonja
 22323 | Orc:2    | Killed Sonja
 22374 | Orc:2    | Noticed Erolcha
 22375 | Orc:2    | Noticed Nessos
 22382 | Orc:2    | Killed Erolcha
 22382 | Orc:2    | Killed Nessos
 22431 | Orc:2    | Reached XP level 18. HP: 149/149 MP: 19/24
 22451 | Orc:2    | Reached skill level 15 in Armour
 22457 | Orc:2    | Found a roughly hewn altar of Beogh.
 22483 | Orc:2    | Found Seluwahi's General Store.
 22489 | Orc:2    | Found Jomu's Antique Weapon Emporium.
 22599 | Orc:2    | Found Eplyt's Jewellery Emporium.
 22816 | Orc:2    | Found a staircase to the Elven Halls.
 22961 | Orc:2    | Found Upriggyl's Antique Armour Emporium.
 24161 | Spider:2 | Noticed Azrael
 24168 | Spider:2 | Killed Azrael
 24878 | Spider:2 | Noticed Roxanne
 24901 | Spider:2 | Killed Roxanne
 25814 | Spider:4 | Entered Level 4 of the Spider Nest
 25827 | Spider:4 | Reached XP level 19. HP: 148/158 MP: 10/25
 25956 | Spider:4 | Reached skill level 15 in Fighting
 26086 | Spider:4 | Got a gossamer rune of Zot
 26504 | Spider:4 | Noticed Louise
 26519 | Spider:4 | Killed Louise
 26534 | Spider:4 | Noticed Arachne
 26549 | Spider:4 | Killed Arachne
 26882 | Shoals:1 | Entered Level 1 of the Shoals
 27410 | Shoals:1 | Reached XP level 20. HP: 159/168 MP: 26/26
 28212 | Shoals:3 | Noticed Aizul
 28222 | Shoals:3 | Killed Aizul
 28526 | Shoals:3 | Found a runed translucent door.
 28527 | Shoals:3 | Found a shimmering altar of Xom.
 28527 | Shoals:3 | Noticed popps's ghost (adept GrFi)
 28555 | Shoals:3 | Killed popps's ghost
 28574 | Shoals:3 | Noticed Polyphemus
 28591 | Shoals:3 | Killed Polyphemus
 28921 | Shoals:4 | Entered Level 4 of the Shoals
 28925 | Shoals:4 | Reached skill level 10 in Shields
 29270 | Shoals:4 | Got a barnacled rune of Zot
 29433 | Shoals:4 | Noticed Ilsuiw
 29455 | Shoals:4 | Killed Ilsuiw
 29719 | Shoals:4 | Found the +0 staff of Battle
 29771 | Shoals:4 | Reached XP level 21. HP: 129/177 MP: 27/27
 30035 | Vaults:1 | Entered Level 1 of the Vaults
 31599 | Vaults:2 | You fall into a shaft and drop 1 floor!
 31609 | Vaults:3 | Reached XP level 22. HP: 167/186 MP: 28/28
 31971 | Vaults:3 | Reached skill level 15 in Shields
 32717 | Vaults:3 | Found Diusiq's Jewellery Shop.
 32906 | Vaults:2 | Noticed a bone dragon
 32918 | Vaults:2 | Killed a bone dragon
 32976 | Vaults:2 | Found a staircase to the Crypt.
 33002 | Vaults:2 | Reached skill level 10 in Invocations
 33006 | Vaults:2 | Reached XP level 23. HP: 184/195 MP: 30/30
 33718 | Vaults:4 | Reached skill level 15 in Dodging
 34196 | Vaults:4 | Identified a scroll of acquirement
 34197 | Vaults:4 | Got the +9 executioner's axe "Arbiter" {holy, rElec Stlth+}
 35001 | Vaults:5 | Entered Level 5 of the Vaults
 35004 | Vaults:5 | Noticed a golden dragon
 35318 | Elf:1    | Entered Level 1 of the Elven Halls
 35471 | Elf:1    | Found Raet's Book Emporium.
 35546 | Elf:1    | Found Weomebost's Assorted Antiques.
 35679 | Elf:1    | Reached XP level 24. HP: 203/203 MP: 31/31
 35912 | Elf:1    | Found Erafuly's Magic Scroll Boutique.
 35920 | Elf:1    | Found Ugebiah's Jewellery Shoppe.
 36008 | Elf:1    | Bought a scroll of enchant armour for 90 gold pieces
 36202 | Elf:2    | Found Usheih's Magic Scroll Shop.
 36246 | Elf:2    | Found Akix's Antique Armour Shop.
 36254 | Elf:2    | Bought a scroll of brand weapon for 280 gold pieces
 36287 | Elf:2    | Found Fyddo's Elven Fire.
 36496 | Elf:2    | Found a runed translucent gate.
 36498 | Elf:2    | Found a runed translucent gate.
 36499 | Elf:2    | Found a runed translucent gate.
 36890 | Elf:3    | Entered Level 3 of the Elven Halls
 36971 | Elf:3    | Found an ancient bone altar of Kikubaaqudgha.
 37869 | Elf:3    | Identified the +2 storm dragon scales of Bad Feelings
                  | {rElec Dex+4 Stlth+} (You found it on level 3 of the Elven
                  | Halls)
 37914 | Elf:3    | Identified the amulet "Amoug" {RegenMP +Inv Str+3 Int+4
                  | Dex-2} (You found it on level 3 of the Elven Halls)
 38383 | Vaults:4 | Reached XP level 25. HP: 209/210 MP: 31/31
 38523 | Crypt:1  | Entered Level 1 of the Crypt
 39626 | Vaults:5 | Noticed Bai Suzhen
 39639 | Vaults:5 | Killed Bai Suzhen
 39838 | Vaults:5 | Identified the +1 plate armour "Ycoamnej" {rF+ rC+}
 39912 | Vaults:5 | Identified the +0 tower shield of Complete Protection {rF+
                  | rC- SInv}
 39918 | Vaults:5 | Reached XP level 26. HP: 195/217 MP: 31/31
 39997 | Vaults:5 | Noticed Sojobo
 40027 | Vaults:5 | Killed Sojobo
 40078 | Vaults:5 | Identified the ring of Xiommine {rC+ SInv}
 40899 | Vaults:5 | Got a silver rune of Zot
 41137 | Crypt:3  | Entered Level 3 of the Crypt
 41144 | Crypt:3  | Noticed Saint Roka
 41153 | Crypt:3  | Killed Saint Roka
 41436 | Crypt:2  | Found a radiant altar of Vehumet.
 41440 | Crypt:2  | Found a transporter.
 41443 | Crypt:2  | Noticed an ancient lich
 41458 | Crypt:2  | Killed an ancient lich
 41667 | Crypt:2  | Found a transporter.
 42196 | Crypt:3  | Reached XP level 27. HP: 181/226 MP: 21/32
 42302 | Crypt:3  | Found the +12 Vampire's Tooth {vamp}
 42371 | Crypt:3  | Identified the ring "Vuxiuc" {rN+ Dex+4}
 42385 | Crypt:3  | Identified the ring of Loss {*Slow rN+ Str+8 Int-3 Stlth+}
 42389 | Crypt:3  | Identified the ring of Eloataoh {+Fly rN+ Slay-3 Stlth+}
 42569 | Crypt:3  | Found a staircase to the Tomb.
 42629 | Crypt:3  | Noticed an ancient lich
 42629 | Crypt:3  | Noticed an ancient lich
 43207 | Depths:1 | Entered Level 1 of the Depths
 43281 | Depths:1 | Found Eroneky's Gadget Boutique.
 43290 | Depths:1 | Found a gateway to Hell.
 43480 | Depths:1 | Found Ewkeclax's Assorted Antiques.
 43566 | Depths:1 | Found Yhaz Soi's Distillery.
 43684 | Depths:1 | Bought a potion of mutation for 272 gold pieces
 43684 | Depths:1 | Bought a sparkling iron ring for 170 gold pieces
 43684 | Depths:1 | Identified the ring "Duklechy" {rC- rCorr Slay+6} (You
                  | bought it in a shop on level 1 of the Depths)
 44002 | Depths:1 | Found the +8 autumn katana {vorpal, Clar}
 44716 | Depths:2 | Noticed Mara
 44730 | Depths:2 | Killed Mara
 44909 | Depths:2 | You fall into a shaft and drop 1 floor!
 44929 | Depths:3 | Reached skill level 15 in Invocations
 45250 | Depths:3 | Found a one-way gate leading to the halls of Pandemonium.
 45251 | Depths:3 | Found a gateway to a ziggurat.
 45727 | Depths:3 | Noticed Nikola
 45772 | Depths:3 | Killed Nikola
 46579 | Depths:4 | Found a one-way gate to the infinite horrors of the Abyss.
 46615 | Depths:4 | Voluntarily entered the Abyss.
 46617 | Abyss:1  | Found a corrupted altar of Lugonu.
 46929 | Abyss:3  | Found a corrupted altar of Lugonu.
 47172 | Abyss:3  | Found a shimmering blue altar of Sif Muna.
 47458 | Abyss:4  | Found a corrupted altar of Lugonu.
 47614 | Abyss:4  | Found a shimmering blue altar of Sif Muna.
 47624 | Abyss:4  | Identified Agotopse's Catalogue of Intoxication
 47627 | Abyss:4  | Identified Voloes's Compendium of Calling
 47636 | Abyss:4  | Identified Ecuisyl's Handbook of the Harmful Blaze
 47638 | Abyss:4  | Found a shimmering blue altar of Sif Muna.
 47638 | Abyss:4  | Identified the Reference Book on Attacks
 47647 | Abyss:4  | Identified the Disquisition on the Voyage
 47648 | Abyss:4  | Identified the Guide on Calling
 47662 | Abyss:4  | Identified the Volume of Ice
 47664 | Abyss:4  | Identified Ahattiemyr's Collected Works on the Rocks
 47676 | Abyss:4  | Identified the Incunabulum of Evil Rituals
 47678 | Abyss:4  | Identified the Collected Works on Displacement
 47684 | Abyss:4  | Found a shimmering blue altar of Sif Muna.
 47699 | Abyss:4  | Identified Huos Bah's Grimoire of Summoning
 47889 | Abyss:4  | Gained mutation: Your body sometimes deteriorates upon
                  | taking damage. [a neqoxec]
 47891 | Abyss:4  | Gained mutation: Your spells are a little harder to cast,
                  | but a little more powerful. [a neqoxec]
 48298 | Abyss:5  | Entered Level 5 of the Abyss
 48686 | Abyss:5  | Got an abyssal rune of Zot
 48736 | Depths:4 | Escaped the Abyss
 49247 | Hell     | Entered the Vestibule of Hell
 49247 | Hell     | Noticed Geryon
 49251 | Hell     | Killed Geryon
 49324 | Hell     | Found a gateway to the Iron City of Dis.
 49412 | Hell     | Found a gateway to the freezing wastes of Cocytus.
 49513 | Hell     | Found a gateway to the decaying netherworld of Tartarus.
 49600 | Hell     | Found a gateway to the ashen valley of Gehenna.
 49798 | Depths:5 | Entered Level 5 of the Depths
 50350 | Depths:5 | Found Boet's Assorted Antiques.
 50377 | Depths:5 | Bought a potion of heal wounds for 180 gold pieces
 50590 | Depths:5 | Found a gate to the Realm of Zot.
 51062 | Slime:1  | Entered Level 1 of the Pits of Slime
 51068 | Slime:1  | Gained mutation: Your magical capacity is low. (-10% MP) [a
                  | shining eye]
 51135 | Slime:1  | Gained mutation: You are frail. (-10% HP) [a shining eye]
 51135 | Slime:1  | Gained mutation: Your magical capacity is very low. (-20%
                  | MP) [a shining eye]
 51160 | Lair:5   | Lost mutation: Your spells are a little harder to cast, but
                  | a little more powerful. [potion of mutation]
 51160 | Lair:5   | Lost mutation: You are covered in fur. (AC +1) [potion of
                  | mutation]
 51160 | Lair:5   | Lost mutation: You are frail. (-10% HP) [potion of
                  | mutation]
 51160 | Lair:5   | Gained mutation: Your spells are a little harder to cast,
                  | but a little more powerful. [potion of mutation]
 51160 | Lair:5   | Lost mutation: You are partially covered in rugged brown
                  | scales. (AC +1, +3% HP) [potion of mutation]
 51160 | Lair:5   | Gained mutation: You are somewhat resistant to further
                  | mutation. [potion of mutation]
 51185 | Slime:1  | Gained mutation: You are frail. (-10% HP) [a shining eye]
 51568 | Slime:2  | Gained mutation: You are very frail. (-20% HP) [a shining
                  | eye]
 51577 | Slime:2  | Lost mutation: Your spells are a little harder to cast, but
                  | a little more powerful. [potion of mutation]
 51577 | Slime:2  | Lost mutation: Your body sometimes deteriorates upon taking
                  | damage. [potion of mutation]
 51577 | Slime:2  | Lost mutation: You are very frail. (-20% HP) [potion of
                  | mutation]
 51577 | Slime:2  | Lost mutation: Your natural rate of healing is unusually
                  | fast. [potion of mutation]
 51583 | Slime:2  | Noticed Dissolution
 51592 | Slime:2  | Killed Dissolution
 51860 | Slime:5  | Entered Level 5 of the Pits of Slime
 51879 | Slime:5  | Noticed the Royal Jelly
 52073 | Slime:4  | Lost mutation: You are dopey. (Int -2) [potion of mutation]
 52073 | Slime:4  | Gained mutation: You passively map a small area around you.
                  | [potion of mutation]
 52083 | Slime:5  | Killed the Royal Jelly
 52222 | Slime:5  | Gained mutation: Your body sometimes deteriorates upon
                  | taking damage. [a shining eye]
 52354 | Slime:5  | Got a fine copper ring
 52355 | Slime:5  | Identified the ring "Xaoguqaz" {+Inv rN+ MP+9} (You found
                  | it on level 5 of the Pits of Slime)
 52383 | Slime:5  | Got a scintillating turquoise ring
 52384 | Slime:5  | Identified the ring of Milexest {Ice rElec Str+4} (You
                  | found it on level 5 of the Pits of Slime)
 52442 | Slime:5  | Got a slimy rune of Zot
 52989 | Zot:1    | Entered Level 1 of the Realm of Zot
 53507 | Zot:1    | Noticed an ancient lich
 53517 | Zot:1    | Killed an ancient lich
 53539 | Zot:1    | Found a stormy altar of Qazlal.
 53540 | Zot:1    | Found the +3 sling "Punk" {acid, rCorr}
 53814 | Zot:1    | Noticed an orb of fire
 53823 | Zot:1    | Killed an orb of fire
 54405 | Zot:2    | You fall into a shaft and drop 2 floors!
 54750 | Zot:4    | Noticed a Killer Klown
 54750 | Zot:4    | Noticed Decrayps's ghost (veteran FeEn)
 54756 | Zot:4    | Found a runed translucent gate.
 54756 | Zot:4    | Found a runed translucent gate.
 54756 | Zot:4    | Found a runed translucent gate.
 55195 | Zot:4    | Killed Decrayps's ghost
 55207 | Zot:4    | Killed a Killer Klown
 55231 | Zot:4    | Got a glittering platinum ring
 55232 | Zot:4    | Identified the ring "Juwaeliw" {Ice Int+3 Dex+2} (You found
                  | it on level 4 of the Realm of Zot)
 57553 | Zot:5    | Entered Level 5 of the Realm of Zot
 57793 | Zot:5    | Noticed an ancient lich
 57797 | Zot:5    | Noticed an ancient lich
 57802 | Zot:5    | Killed an ancient lich
 57803 | Zot:5    | Noticed a Killer Klown
 57806 | Zot:5    | Killed an ancient lich
 57844 | Zot:5    | Noticed a shard shrike
 57844 | Zot:5    | a Killer Klown changed into a shard shrike
 57855 | Zot:5    | Killed a shard shrike
 58216 | Zot:5    | Noticed an orb of fire
 58218 | Zot:5    | Noticed an ancient lich
 58223 | Zot:5    | Gained mutation: Your body often deteriorates upon taking
                  | damage. [an orb of fire]
 58227 | Zot:5    | Killed an orb of fire
 58227 | Zot:5    | Noticed a Killer Klown
 58228 | Zot:5    | Noticed a Killer Klown
 58229 | Zot:5    | Noticed an orb of fire
 58230 | Zot:5    | Noticed an ancient lich
 58233 | Zot:5    | Noticed an orb of fire
 58235 | Zot:5    | Killed an ancient lich
 58235 | Zot:5    | Killed an ancient lich
 58246 | Zot:5    | Killed an orb of fire
 58252 | Zot:5    | Killed an orb of fire
 58253 | Zot:5    | Killed a Killer Klown
 58257 | Zot:5    | Noticed a juggernaut
 58257 | Zot:5    | a Killer Klown changed into a juggernaut
 58263 | Zot:5    | Killed a juggernaut
 58366 | Zot:5    | Reached skill level 27 in Armour
 58426 | Zot:5    | Noticed a Killer Klown
 58426 | Zot:5    | Noticed a Killer Klown
 58426 | Zot:5    | Noticed a juggernaut
 58426 | Zot:5    | a Killer Klown changed into a juggernaut
 58433 | Zot:5    | Killed a juggernaut
 58435 | Zot:5    | Noticed a juggernaut
 58435 | Zot:5    | a Killer Klown changed into a juggernaut
 58436 | Zot:5    | Noticed an orb of fire
 58446 | Zot:5    | Killed an orb of fire
 58447 | Zot:5    | Noticed a Killer Klown
 58447 | Zot:5    | Noticed a Killer Klown
 58448 | Zot:5    | a Killer Klown changed into a shadow dragon
 58453 | Zot:5    | Killed a juggernaut
 58453 | Zot:5    | Reached skill level 27 in Fighting
 58895 | Zot:5    | Killed a Killer Klown
 59287 | Geh:1    | Entered Level 1 of Gehenna
 60723 | Geh:2    | Noticed an ancient lich
 60729 | Geh:2    | Killed an ancient lich
 61300 | Geh:7    | Entered Level 7 of Gehenna
 62114 | Geh:7    | Identified the Almanac of the Blaze and Boosts
 62334 | Geh:7    | Identified the +7 sceptre of Asmodeus
 62334 | Geh:7    | Noticed Asmodeus
 62360 | Geh:7    | Killed Asmodeus
 62562 | Geh:7    | Got an obsidian rune of Zot
 62760 | Dis:1    | Entered Level 1 of the Iron City of Dis
 63169 | Dis:2    | Reached skill level 1 in Evocations
 63335 | Dis:3    | Reached skill level 5 in Evocations
 63889 | Dis:7    | Entered Level 7 of the Iron City of Dis
 63947 | Dis:7    | Reached skill level 10 in Evocations
 64816 | Dis:7    | Identified the +4 ring mail of Vexation {+Inv}
 64826 | Dis:7    | Reached skill level 27 in Axes
 65442 | Dis:7    | Got a wavering golden ring
 65443 | Dis:7    | Identified the ring "Kafixo" {rF+ rC+ MP+9 Stlth+} (You
                  | found it on level 7 of the Iron City of Dis)
 65495 | Dis:7    | Identified the +4 staff of Dispater
 65495 | Dis:7    | Noticed Dispater
 65513 | Dis:7    | Killed Dispater
 65525 | Dis:7    | Got an iron rune of Zot
 65774 | Coc:1    | Entered Level 1 of Cocytus
 65966 | Coc:2    | Noticed a shard shrike
 65972 | Coc:2    | Killed a shard shrike
 66204 | Coc:3    | Noticed a shard shrike
 66212 | Coc:3    | Killed a shard shrike
 66213 | Coc:3    | Noticed a shard shrike
 66213 | Coc:3    | Noticed a shard shrike
 66222 | Coc:3    | Killed a shard shrike
 66224 | Coc:3    | Killed a shard shrike
 66304 | Coc:3    | Noticed a shard shrike
 66307 | Coc:3    | Killed a shard shrike
 66340 | Coc:3    | Got the amulet "Lemarad" {Acrobat rN+}
 67217 | Coc:1    | Noticed a shard shrike
 67222 | Coc:1    | Killed a shard shrike
 67233 | Coc:2    | Noticed a shard shrike
 67245 | Coc:2    | Killed a shard shrike
 67411 | Coc:7    | Entered Level 7 of Cocytus
 67565 | Coc:7    | Reached skill level 15 in Evocations
 67665 | Coc:7    | Noticed a shard shrike
 67671 | Coc:7    | Killed a shard shrike
 67765 | Coc:7    | Noticed a shard shrike
 67765 | Coc:7    | Noticed a shard shrike
 67766 | Coc:7    | Noticed a shard shrike
 67770 | Coc:7    | Killed a shard shrike
 67772 | Coc:7    | Killed a shard shrike
 67777 | Coc:7    | Killed a shard shrike
 67915 | Coc:7    | Noticed a shard shrike
 67915 | Coc:7    | Noticed a shard shrike
 67915 | Coc:7    | Noticed a shard shrike
 67915 | Coc:7    | Noticed a shard shrike
 67918 | Coc:7    | Killed a shard shrike
 67918 | Coc:7    | Killed a shard shrike
 67921 | Coc:7    | Killed a shard shrike
 67927 | Coc:7    | Killed a shard shrike
 68020 | Coc:7    | Noticed Antaeus
 68035 | Coc:7    | Killed Antaeus
 68041 | Coc:7    | Noticed a shard shrike
 68049 | Coc:7    | Killed a shard shrike
 68265 | Coc:7    | Identified the cursed +1 robe of the Barracuda {Str+5
                  | Dex+4}
 68409 | Coc:7    | Noticed a shard shrike
 68418 | Coc:7    | Killed a shard shrike
 68477 | Coc:7    | Noticed a shard shrike
 68481 | Coc:7    | Killed a shard shrike
 68507 | Coc:7    | Identified the +7 great mace "Vaosk" {vorpal, MR+ Str+4
                  | Int+4}
 68582 | Coc:7    | Got an icy rune of Zot
 68909 | Coc:7    | Noticed a shard shrike
 68909 | Coc:7    | Noticed a shard shrike
 68909 | Coc:7    | Noticed a shard shrike
 68912 | Coc:7    | Killed a shard shrike
 68913 | Coc:7    | Killed a shard shrike
 68916 | Coc:7    | Killed a shard shrike
 68976 | Tar:1    | Entered Level 1 of Tartarus
 68994 | Tar:1    | Reached skill level 27 in Dodging
 69055 | Tar:1    | Reached skill level 27 in Invocations
 70049 | Tar:7    | Entered Level 7 of Tartarus
 71348 | Tar:7    | Found the +4 moon troll leather armour {Spirit, Regen++
                  | MP+5}
 71349 | Tar:7    | Identified the ring "Izxirun" {*Corrode rC++ Str+4 SInv
                  | Stlth+} (You found it on level 7 of Tartarus)
 71356 | Tar:7    | Got a clouded pewter ring
 71357 | Tar:7    | Identified the ring of Mavan {rPois Str+4} (You found it on
                  | level 7 of Tartarus)
 71361 | Tar:7    | Identified the Compendium of Warped Calling
 71434 | Tar:7    | Noticed the Serpent of Hell
 71449 | Tar:7    | Killed the Serpent of Hell
 71587 | Tar:7    | Noticed Ereshkigal
 71598 | Tar:7    | Killed Ereshkigal
 71608 | Tar:7    | Got a fine glass ring
 71609 | Tar:7    | Identified the ring of Disaster {AC+4 Str+4} (You found it
                  | on level 7 of Tartarus)
 71622 | Tar:7    | Got a bone rune of Zot
 71624 | Tar:7    | Identified the Incunabulum of Torrid Ice
 71817 | Pan      | Entered Pandemonium
 72203 | Pan      | Entered the realm of Lom Lobon.
 72342 | Pan      | Noticed Lom Lobon
 72366 | Pan      | Killed Lom Lobon
 72366 | Pan      | Reached skill level 27 in Shields
 72368 | Pan      | Got a magical rune of Zot
 72800 | Pan      | Found an exit through the horrors of the Abyss.
 72856 | Pan      | Gained mutation: Armour fits poorly on your strangely
                  | shaped body. [a neqoxec]
 72869 | Pan      | Lost mutation: Your magical capacity is very low. (-20% MP)
                  | [potion of mutation]
 72869 | Pan      | Lost mutation: Armour fits poorly on your strangely shaped
                  | body. [potion of mutation]
 72869 | Pan      | Lost mutation: You are frail. (-10% HP) [potion of
                  | mutation]
 73216 | Pan      | Found a glowing golden altar of the Shining One.
 73217 | Pan      | Noticed a seraph
 73226 | Pan      | Killed a seraph
 73338 | Pan      | Got a demonic rune of Zot
 73341 | Pan      | Identified the +0 pair of gloves "Uriezota" {+Fly Str+4
                  | Int-2} (You found it in Pandemonium)
 73517 | Pan      | Identified the cursed -4 tower shield "Qylatetz" {rElec
                  | MR++}
 73722 | Pan      | Found a glowing silver altar of Zin.
 73800 | Pan      | Identified the +4 tower shield of Valour {Dex+2}
 74137 | Pan      | Identified the cursed +1 plate armour of the Harp {rPois
                  | rF- Str+10 Int-5}
 75006 | Pan      | Entered the realm of Mnoleg.
 75579 | Pan      | Noticed Mnoleg
 75597 | Pan      | Killed Mnoleg
 75642 | Pan      | Got a glowing rune of Zot
 75839 | Pan      | Entered the realm of Cerebov.
 75981 | Pan      | Reached skill level 27 in Evocations
 75983 | Pan      | Reached skill level 1 in Stealth
 76007 | Pan      | Reached skill level 5 in Stealth
 76067 | Pan      | Identified the +6 sword of Cerebov {flame}
 76067 | Pan      | Noticed Cerebov
 76087 | Pan      | Killed Cerebov
 76098 | Pan      | Reached skill level 10 in Stealth
 76121 | Pan      | Identified the Guide on Flames
 76189 | Pan      | Got a fiery rune of Zot
 76346 | Pan      | Entered the realm of Gloorx Vloq.
 76449 | Pan      | Noticed Gloorx Vloq
 76456 | Pan      | Killed Gloorx Vloq
 76558 | Pan      | Got a dark rune of Zot
 76631 | Depths:3 | Escaped Pandemonium
 76935 | Tomb:1   | Entered Level 1 of the Tomb of the Ancients
 77166 | Tomb:1   | Reached skill level 15 in Stealth
 77447 | Tomb:1   | Identified the +0 plate armour "Faox" {*Drain rElec rCorr
                  | Dex+8} (You found it on level 1 of the Tomb of the
                  | Ancients)
 77472 | Tomb:1   | Noticed a greater mummy
 77479 | Tomb:1   | Killed a greater mummy
 77487 | Tomb:1   | Noticed a greater mummy
 77502 | Tomb:1   | Killed a greater mummy
 77973 | Tomb:1   | Got the ring "Wiunin" {+Blink rElec MR+++ Int+6 Slay-4}
 77975 | Tomb:1   | Got the +10 battleaxe of Sywkamen {distort, Str+10 Stlth+}
 78012 | Tomb:2   | Noticed Jory
 78015 | Tomb:2   | Noticed a greater mummy
 78016 | Tomb:2   | Noticed a greater mummy
 78016 | Tomb:2   | Noticed a greater mummy
 78021 | Tomb:2   | Noticed a greater mummy
 78026 | Tomb:2   | Killed a greater mummy
 78028 | Tomb:2   | Killed a greater mummy
 78029 | Tomb:2   | Killed a greater mummy
 78031 | Tomb:2   | Noticed an ancient lich
 78035 | Tomb:2   | Killed an ancient lich
 78041 | Tomb:2   | Killed a greater mummy
 78074 | Tomb:2   | Killed by a mummy priest's death curse

Illustrated notes

Levels and vault maps discovered:
D:1:      lightli_arrival_chessboard, layout_basic, kennysheep_crisscross,
          minmay_hedge_maze, kennysheep_doodads
D:2:      layout_loops_ring, lemuel_round_altar, hangedman_abyss_or_decor_stabs,
          uniq_sigmund
D:3:      layout_rooms, first_ration, serial_park_tiny_2, hex_intersection,
          minivault_26, uniq_grinder
D:4:      layout_loops_ring, nicolae_qazlal_general_emergency, fedhas_altar_1,
          uniq_blork_the_orc, uniq_robin, uniq_crazy_yiuf_cottage
D:5:      layout_basic, grunt_temple_overflow_open, serial_shops,
          kennysheep_mini_moat, mrwooster_statue_mirror, minmay_circle_x,
          uniq_prince_ribbit1, uniq_pikel, uniq_eustachio
D:6:      layout_rooms, nemelex_xobeh_ov_fountains_minmay, temple_green,
          led_sif_book
D:7:      layout_loops_cross, the_bakery, uniq_harold
D:8:      layout_basic, lemuel_crystal_altar, kennysheep_okawaru_gauntlet,
          overflow_temple_1_default, nicolae_looking_at_the_future
D:9:      layout_grid_maze, serial_shops,
          nicolae_shop_competitors_out_of_business, minmay_starry_boxes,
          uniq_gastronok
D:10:     layout_cave_pools, david_orc_1_choice
D:11:     layout_long_grid, david_lair_shrubbed, portal_ice_cave_rime,
          uniq_josephine
D:12:     regret_index_combs_of_tragedy, layout_irregular_city, uniq_urug,
          uniq_frances, uniq_snorg
D:13:     layout_gridville, erik_vaults_1, gauntlet_entry_generic,
          nicolae_ashenzari_panopticon
D:14:     layout_small_grid, chequers_decorated_corner
D:15:     grunt_enter_depths_magical_seal, layout_basic, nicolae_two_hexagons,
          kb_rosetta, uniq_agnes, uniq_rupert
Temple:   minmay_temple_forest_path
Lair:1:   layout_loops_ring, small_statue_intersection, grunt_megastairs_5
Lair:2:   layout_cave_pods, basic_altar, minivault_19, grunt_megastairs_1
Lair:3:   layout_cave_shapes, shoals_dummy_entry, dummy_spider_entry,
          basic_altar, infiniplex_staircase_pool
Lair:4:   layout_roguey [special_room_mythical_zoo], gammafunk_ghost_arena
Lair:5:   layout_gridlike, slime_altar_2, grunt_megastairs_2
Lair:6:   minmay_lair_end_frog_pond, layout_loops_ring, st_stairs_3
Shoals:1: layout_shoals, nicolae_shoals_aquamancer_cove
Shoals:2: layout_shoals
Shoals:3: layout_shoals, serial_shops, shop, ebering_ghost_xom,
          nicolae_shoals_isolated_beach, uniq_aizul, uniq_polyphemus
Shoals:4: shoals_end_simple, layout_shoals, shoal_ilsuiw
Spider:1: layout_spider_delve
Spider:2: layout_spider_delve, uniq_azrael, uniq_roxanne
Spider:3: layout_spider_delve, drop_trap, nicolae_spider_cling_ruins
Spider:4: grunt_spider_rune_island, uniq_arachne, uniq_louise
Slime:1:  layout_caves
Slime:2:  layout_caves, uniq_dissolution
Slime:3:  layout_caves
Slime:4:  layout_caves
Slime:5
Orc:1:    layout_caves, basic_altar
Orc:2:    grunt_orc_cross, layout_caves, uniq_sonja, uniq_erolcha, uniq_nessos
Elf:1:    elf_arrival_002, layout_loops_ring, serial_shops, shop,
          nicolae_shop_window_shopping,
          nicolae_shop_competitors_out_of_business, nicolae_shop_waterfront,
          hangedman_elf_represent, drop_trap, hangedman_glass_teeth
Elf:2:    layout_rooms, serial_shops, shop_scrolls, shop, guppyfry_elf_lava
Elf:3:    minmay_elf_hall, layout_geoelf_diagonals, basic_altar,
          serial_sigils_hangedman_snap
Vaults:1: ontoclasm_vaults_ring_large, st_more_cells, hangedman_vaults_stream,
          vaults_room_pools, nicolae_vaults_yaktaur_gun_rack, v_pattern_5,
          v_alt_pattern_4, nicolae_vaults_circle_grid_a, nicolae_vaults_theta,
          ontoclasm_vaults_eye, nicolae_vaults_diagonal_hallway_7,
          ontoclasm_vaults_gateway, layout_vaults_omnibox, mu_enter_wizlab_3
Vaults:2: minmay_crypt_entry_nasty_monster, nicolae_vaults_border_crossing,
          hangedman_vaults_unwind, st_cross, nicolae_vaults_triangles,
          v_misc_24, ontoclasm_vaults_ligature, vaults_dpeg_encased_lava,
          hangedman_vaults_restitches, vaults_room_ringed_pool,
          nicolae_vaults_little_squares_2, nicolae_vaults_specimen_jars,
          vaults_room_grid, layout_vaults_ring
Vaults:3: nicolae_vaults_little_squares_4, v_pattern_1,
          nicolae_vaults_little_squares_2, ontoclasm_vaults_chip, st_lines,
          v_misc_13, nicolae_vaults_angled_halls, vaults_room_corners,
          vaults_mumra_minichess, v_misc_3, v_misc_33, layout_vaults_big_cross,
          serial_shops, shop
Vaults:4: nicolae_vaults_network_periphery, nicolae_vaults_little_squares_6,
          v_rooms_3, v_alt_pattern_4, v_misc_2, ontoclasm_vaults_shuriken,
          hangedman_vaults_stitches, layout_vaults_omnigrid
Vaults:5: serial_shops, uniq_sojobo, uniq_bai_suzhen
Crypt:1:  layout_misc_corridors, grunt_crypt_arrival_webbed
Crypt:2:  gammafunk_sealed_library, layout_chaotic_city, lemuel_elevator
Crypt:3:  david_glass_crypt, layout_misc_corridors, tomb_entry_simple_bobbens,
          minmay_guarded_unrand_vampires_tooth, uniq_saint_roka
Tomb:1
Tomb:2:   uniq_jory
Depths:1: layout_cave_pools, hell_entry, serial_shops, shop, shop,
          shop_fountains, roderic_malta_cross, kennysheep_small_spiral,
          statue_in_the_mist_lemuel, serial_sigils_hangedman_gut,
          wheals_unrand_guarded_autumn_katana
Depths:2: minmay_the_grid_square_5x5_5x5 [minmay_the_grid_square_5x5_misaligned,
          minmay_the_grid_square_5x5_three_walls,
          minmay_the_grid_square_5x5_inner_i,
          minmay_the_grid_square_5x5_sharp_hourglass,
          minmay_the_grid_square_5x5_hourglass,
          minmay_the_grid_square_5x5_dogpile,
          minmay_the_grid_square_5x5_prize_rear_guard,
          minmay_the_grid_square_5x5_empty,
          minmay_the_grid_square_5x5_prize_itemx,
          minmay_the_grid_square_5x5_two, minmay_the_grid_square_5x5_seven,
          minmay_the_grid_square_5x5_n, minmay_the_grid_square_5x5_prize_open,
          minmay_the_grid_square_5x5_inner_z, minmay_the_grid_square_5x5_c,
          minmay_the_grid_square_5x5_half_checkered,
          minmay_the_grid_square_5x5_prize_open,
          minmay_the_grid_square_5x5_fancy_junction,
          minmay_the_grid_square_5x5_prize_open,
          minmay_the_grid_square_5x5_tetrominoes,
          minmay_the_grid_square_5x5_bridge, minmay_the_grid_square_5x5_detours,
          minmay_the_grid_square_5x5_shrine2,
          minmay_the_grid_square_5x5_checkered,
          minmay_the_grid_square_5x5_checkered_statues], layout_small_grid,
          hell_entry, minmay_staircase_statues, firewood_loft, uniq_mara
Depths:3: hangedman_pleasuredromes, hell_entry, pan_entry, uniq_nikola
Depths:4: minmay_box_of_statues, layout_cave_pools, minmay_room_of_horrors,
          hell_entry, corexii_leaking_fountain, rand_demon_pan_entry_8,
          infiniplex_staircase_zigzag_4
Depths:5: evilmike_zot_entry_basic, layout_gridlike, grunt_pan_entry_spiral,
          serial_shops, nicolae_shop_stone, minmay_door_square, hell_entry,
          minivault_11, hangedman_abyss_or_decor_slice, serial_bayou_shore_b
Hell
Dis:1:    layout_regular_city
Dis:2:    layout_gridville
Dis:3:    layout_subdivisions
Dis:4:    layout_regular_city, nrook_loot_triangle
Dis:5:    layout_chaotic_city, hangedman_player_shredder
Dis:6:    layout_gridville, hangedman_dis_decor_blocks_talon
Dis:7:    iron_city_of_dis [dis_grunt, dis_wall_3], layout_chaotic_city
Geh:1:    layout_gehenna_pools_basic
Geh:2:    layout_gehenna_lava_caves, special_room [special_room_morgue]
Geh:3:    layout_gehenna_lava_caves
Geh:4:    layout_gehenna_pools_box
Geh:5:    layout_gehenna_pools_basic
Geh:6:    layout_gehenna_pools_triple, lemuel_hellish_altar
Geh:7:    geh_old
Coc:1:    layout_ice_bergs
Coc:2:    layout_cocytus_delve
Coc:3:    layout_cocytus_water_paths
Coc:4:    layout_ice_bergs
Coc:5:    layout_ice_bergs
Coc:6:    layout_cocytus_water_paths
Coc:7:    coc_old
Tar:1:    grunt_deathspiral_small, layout_cathedral_of_symmetry
Tar:2:    layout_cathedral_of_symmetry
Tar:3:    layout_cathedral_of_symmetry, grunt_megastairs_3
Tar:4:    layout_grid_maze
Tar:5:    layout_honeycomb
Tar:6:    layout_catacombs
Tar:7:    tar_minmay_river
Zot:1:    regret_index_qazlal_generations, layout_gridlike
Zot:2:    layout_basic
Zot:3:    lemuel_acid_trip, layout_onion, st_large_dragon_hoard_1
Zot:4:    layout_basic, gammafunk_ghost_split
Zot:5:    layout_misc_corridors, st_stairs_9

Skill      XL: |  1  2  3  4  5  6  7  8  9 10 11 12 13 14 15 16 17 18 19 20 21 22 23 24 25 26 27 |
---------------+----------------------------------------------------------------------------------+-----
Axes           | 3 4 5 7 9 10 11 13 14 15 16 17 18 19 20 21 23 25 26 27 | 27.0
Shields        | 4 5 7 9 10 13 15 27 | 27.0
Dodging        | 1 2 4 6 7 8 9 11 12 13 14 15 27 | 27.0
Fighting       | 4 6 8 10 11 12 13 14 15 16 17 18 27 | 27.0
Armour         | 4 6 9 10 11 12 13 14 15 16 17 18 19 27 | 27.0
Slings         | 4 6 |  6.0
Invocations    | 8 10 11 12 27 | 27.0
Evocations     | 27 | 27.0
Stealth        | 19 | 19.8

Action                   |  1- 3 |  4- 6 |  7- 9 | 10-12 | 13-15 | 16-18 | 19-21 | 22-24 | 25-27 || total
-------------------------+-------+-------+-------+-------+-------+-------+-------+-------+-------++-------
Melee: War axe           |    88 |    68 |   276 |       |       |       |       |       |       ||   432
       Battleaxe         |       |       |   158 |   611 |   637 |   971 |  1073 |   872 |   243 ||  4565
       Executioner's axe |       |       |       |       |       |       |       |     4 |  7315 ||  7319
 Fire: Hunting sling     |       |       |       |       |       |   143 |    40 |       |       ||   183
Invok: Bend Time         |       |       |       |     1 |     1 |       |       |       |     5 ||     7
       Slouch            |       |       |       |       |     5 |     1 |       |     5 |    18 ||    29
       Step From Time    |       |       |       |       |     1 |       |       |       |     6 ||     7
 Abil: Shaft Self        |       |       |     1 |     1 |     2 |       |       |       |       ||     4
       Dig               |       |       |       |     1 |     2 |     5 |     1 |       |    12 ||    21
       Evoke Invisibilit |       |       |       |       |       |       |       |       |     4 ||     4
Evoke: Wand              |       |       |     5 |     9 |     4 |     2 |       |       |     7 ||    27
       Horn of Geryon    |       |       |       |       |       |       |       |       |     2 ||     2
       Phantom mirror    |       |       |       |       |       |       |       |       |     2 ||     2
  Use: Potion            |       |     5 |     4 |     6 |     9 |     1 |       |       |    44 ||    69
       Scroll            |       |       |    11 |     7 |     5 |    13 |     1 |     9 |    45 ||    91
 Stab: Invisible         |       |       |     3 |     6 |       |       |       |       |    14 ||    23
       Distracted        |       |       |       |       |     1 |       |       |     2 |    14 ||    17
       Paralysed         |       |       |       |       |       |     1 |       |       |       ||     1
       Held in net/web   |       |       |       |       |       |     1 |     1 |       |       ||     2
       Petrified         |       |       |       |       |       |       |     5 |       |       ||     5
  Eat: Chunk             |     1 |     4 |    17 |    10 |     7 |    17 |    13 |    14 |    39 ||   122
       Ration            |       |       |       |       |     1 |     1 |       |       |    15 ||    17
Armor: Scale mail        |    32 |    18 |     8 |       |       |       |       |       |       ||    58
       Chain mail        |       |       |   140 |       |       |       |       |       |       ||   140
       Plate armour      |       |       |    25 |   255 |   282 |   352 |   369 |   122 |    10 ||  1415
       Gold dragon scale |       |       |       |       |       |       |       |       |  1334 ||  1334
Dodge: Dodged            |    16 |    21 |    52 |   190 |   318 |   507 |   628 |   221 |  2877 ||  4830
Block: Kite shield       |    43 |    41 |   229 |   446 |   505 |   999 |  1167 |   113 |       ||  3543
       Reflection        |       |       |       |       |       |    13 |    84 |    88 |   236 ||   421
       Tower shield      |       |       |       |       |       |       |       |   721 |  8564 ||  9285
